 Dungeon Crawl Stone Soup version 0.30-a0-358-g0d69a1922f (webtiles) character file.

Game seed: 12665637759556608292

8706 funkygono the Arsonist (level 11, -8/79 HPs)
             Began as a Green Draconian Fire Elementalist on Nov 8, 2022.
             Was a Priest of Vehumet.
             Mangled by a fire crab (12 damage)
             ... on level 10 of the Dungeon.
             The game lasted 00:20:42 (11416 turns).

funkygono the Arsonist (DrFE)                      Turns: 11416, Time: 00:20:42

Health: -8/79      AC: 16    Str: 10    XL:     11   Next: 13%
Magic:  3/25       EV: 13    Int: 20    God:    Vehumet [***...]
Gold:   524        SH:  5    Dex: 17    Spells: 3/30 levels left

rFire   . . .      SeeInvis +    o - +6 mace
rCold   . . .      Faith    .    (no shield)
rNeg    + . .      Spirit   .    (body armour unavailable)
rPois   +          Reflect  +    z - +2 hat
rElec   .          Harm     .    (no cloak)
rCorr   .          Rampage  .    r - +0 pair of gloves
Will    +....                    t - +1 pair of boots
Stlth   ++........               l - amulet of Ysol {Reflect rN+ Will+ Dex+5 SH+5}
HPRegen 0.33/turn                s - ring of see invisible
MPRegen 0.19/turn                D - +4 ring of protection

@: mighty
A: breathe noxious fumes, AC +7, unfitting armour, poison resistance,
cold-blooded
a: Breathe Noxious Fumes, Renounce Religion


You were on level 10 of the Dungeon.
You worshipped Vehumet.
Vehumet was most pleased with you.
You visited 2 branches of the dungeon, and saw 11 of its levels.
You also visited: Sewer.

You collected 667 gold pieces.
You spent 143 gold pieces at shops.

Inventory:

Hand Weapons
 o - a +6 mace (weapon)
 p - a +2 morningstar
Missiles
 q - 2 throwing nets
Armour
 r - a +0 pair of gloves (worn)
 t - a +1 pair of boots (worn)
 y - an orb of energy
 z - a +2 hat (worn)
 F - an orb of mayhem
Magical Staves
 j - a staff of cold
Jewellery
 l - the amulet of Ysol (around neck) {Reflect rN+ Will+ Dex+5 SH+5}
   (You acquired it on level 5 of the Dungeon)

   [amulet of reflection]

   It reflects blocked missile attacks.
   Dex:       It affects your dexterity (+5).
   rN:        It protects you from negative energy.
   SH:        It affects your SH (+5).
   Will:      It increases your willpower.
 s - a ring of see invisible (left hand)
 A - an amulet of reflection
 D - a +4 ring of protection (right hand)
 E - an amulet of faith
Wands
 C - a wand of polymorph (6)
Scrolls
 d - a scroll of amnesia
 f - 3 scrolls of fog
 g - a scroll of blinking
 u - a scroll of torment {unknown}
 w - 3 scrolls of summoning
 B - 2 scrolls of teleportation
Potions
 a - 3 potions of magic
 c - 4 potions of attraction
 e - a potion of flight
 h - 9 potions of curing
 i - a potion of heal wounds
 k - 4 potions of mutation
 m - a potion of brilliance
 n - a potion of ambrosia {unknown}
 v - 4 potions of haste
 x - 3 potions of berserk rage


   Skills:
 + Level 2.1 Fighting
 + Level 2.2 Maces & Flails
 + Level 3.6 Dodging
 - Level 1.7 Stealth
 + Level 2.0 Shields
 + Level 10.1 Spellcasting
 + Level 8.0 Conjurations
 + Level 10.2 Fire Magic
 + Level 0.3 Air Magic
 + Level 0.3 Poison Magic


You had 3 spell levels left.
You knew the following spells:

 Your Spells              Type           Power      Damage    Failure   Level
a - Foxfire               Conj/Fire      100%       2x1d9     1%          1
b - Scorch                Fire           100%       2d10      1%          2
c - Kindle Blastsparks    Fire/Tloc/Air  48%        2d14      1%          3
d - Flame Wave            Conj/Fire      46%        2d12      1%          4
e - Blink                 Tloc           20%        N/A       11%         2
f - Shock                 Conj/Air       100%       1d9       1%          1
g - Lightning Bolt        Conj/Air       13%        1d26      10%         5
h - Poisonous Vapours     Pois/Air       22%        N/A       2%          2
i - Sticky Flame          Conj/Fire      46%        2d6       1%          4
j - Mephitic Cloud        Conj/Pois/Air  21%        N/A       1%          3

Your spell library contained the following spells:

 Spells                   Type           Power      Damage    Failure   Level
 Freeze                   Ice            40%        1d6       1%          1
 Magic Dart               Conj           100%       1d8       1%          1
 Static Discharge         Conj/Air       52%        2-5/arc   1%          2
 Dazzling Flash           Conj/Hex       52%        N/A       1%          3
 Hailstorm                Conj/Ice       26%        3d7       1%          3
 Inner Flame              Hex/Fire       30%        N/A       1%          3
 Frozen Ramparts          Ice            20%        1d4       5%          3
 Call Imp                 Summ           10%        N/A       11%         2
 Vhi's Electric Charge    Tloc/Air       20%        N/A       19%         3
 Call Canine Familiar     Summ           10%        N/A       21%         3
 Portal Projectile        Hex/Tloc       20%        N/A       21%         3
 Arcjolt                  Conj/Air       13%        1d23      10%         5
 Leda's Liquefaction      Hex/Erth       5%         N/A       56%         4
 Manifold Assault         Tloc           10%        N/A       56%         4
 Silence                  Hex/Air        5%         N/A       87%         5
 Agony                    Necr           10%        N/A       88%         5
 Dispersal                Tloc           5%         N/A       100%        6
 Storm Form               Tmut/Air       5%         N/A       100%        7
 Disjunction              Tloc           5%         N/A       100%        8


Dungeon Overview and Level Annotations

Branches:
Dungeon (10/15)            Temple (1/1) D:5           Sewer (visited)
   Lair: D:8-11         Orc: D:9-12

Altars:
Ashenzari
Cheibriados
Dithmenos
Elyvilon
Fedhas
Gozag
Hepliaklqana
Kikubaaqudgha
Makhleb
Nemelex Xobeh
Okawaru
Qazlal
Ru
Sif Muna
Trog
Uskayaw
Vehumet
Wu Jian
Xom
Yredelemnul
Zin
The Shining One

Shops:
D:3 !*::   D:5 (


Innate Abilities, Weirdness & Mutations

You can breathe blasts of noxious fumes.
Your lurid green scales are hard. (AC +7)
You cannot fit into any form of body armour.
Your system is resistant to poisons. (rPois)
You are cold-blooded and may be slowed by cold attacks.


Message History

The fire crab bites you but does no damage.
You block the fire crab's attack.
You hit the fire crab but do no damage.
You tail-slap the fire crab, but do no damage.
The fire crab is heavily wounded.
The fire crab breathes flames at you.
The blast of flame engulfs you but does no damage.
Unknown command.
Casting: Lightning Bolt (dangerous; 10% risk of failure)
Confirm with . or Enter, or press ? or * to list all spells.
You don't have enough magic to cast this spell.
Unknown command.
Unknown command.
Casting: Lightning Bolt (dangerous; 10% risk of failure)
Confirm with . or Enter, or press ? or * to list all spells.
You conjure some foxfire!
You are engulfed in blazing flames.
* * * LOW HITPOINT WARNING * * *
The fire crab bites you!
* * * LOW HITPOINT WARNING * * *
You are engulfed in flames!
* * * LOW HITPOINT WARNING * * *
You block the fire crab's attack.
You feel much better.
The foxfire hits the fire crab.
The fire crab completely resists.
The fire crab is severely wounded.
The foxfire hits the fire crab but does no damage.
The fire crab is severely wounded.
The fire crab misses you. You block the fire crab's attack.
You feel very mighty all of a sudden.
The fire crab bites you but does no damage.
The fire crab claws you!
* * * LOW HITPOINT WARNING * * *
You are engulfed in flames!
* * * LOW HITPOINT WARNING * * *
You hit the fire crab. You tail-slap the fire crab.
The fire crab is severely wounded.
The fire crab bites you.
* * * LOW HITPOINT WARNING * * *
You are engulfed in flames!
You die...

........≈≈ #.....
.........≈ .#.....
......... .........
......... .........#
#......#.
..###........#####........
......)........##.........
.....#.##......#.t...#....
.......!........@..### .
##.................#
...................##
....†...............#
...<..........).......
..#.†..................
...............###......
#..#......^.#..# ......
.#####.....###.... ..


You could see a fire crab (poisoned).

Vanquished Creatures
  A two-headed ogre (D:9)
  An unseen horror (D:10)
  A troll (D:7)
  Prince Ribbit (D:6)
  Sigmund (D:3)
  A wyvern (D:8)
  11 yaks
  A vampire (D:10)
  Grum (D:8)
  A steam dragon (D:8)
  Menkaure (D:6)
  A water moccasin (D:6)
  An orc warrior (D:7)
  3 sky beasts
  A black bear (D:4)
  A hornet zombie (D:7)
  2 ogres (D:5)
  4 wolves (D:8)
  3 phantoms
  2 centaurs (D:6)
  2 kobold brigands (D:9)
  A necrophage (D:6)
  5 bullfrogs
  2 water moccasin zombies (D:7)
  2 scorpions
  17 wights
  6 killer bees (D:8)
  5 howler monkeys
  3 centaur zombies (D:7)
  6 orc priests
  4 hounds
  2 jellies (D:4)
  2 gnoll boudas
  2 iguanas (D:6)
  Jessica (D:3)
  12 orc wizards
  A killer bee zombie (D:7)
  10 adders
  15 gnolls
  3 river rats (D:5)
  A shadow imp (D:4)
  2 white imps (D:6)
  An ufetubus (D:7)
  5 dart slugs
  2 worms
  41 orcs
  16 endoplasms
  11 giant cockroaches
  3 hobgoblins
  15 jackals
  9 quokkas
  16 ball pythons
  6 bats
  17 frilled lizards
  10 goblins
  16 kobolds
  8 rats
319 creatures vanquished.

Vanquished Creatures (others)
  787 foxfires
787 creatures vanquished.

Grand Total: 1106 creatures vanquished

Notes
Turn   | Place    | Note
-------+----------+-------------------------------------------
     0 | D:1      | funkygono the Draconian Fire Elementalist began the quest
                  | for the Orb.
     0 | D:1      | Reached XP level 1. HP: 14/14 MP: 3/3
   193 | D:1      | Reached XP level 2. HP: 20/20 MP: 0/5
   196 | D:1      | Learned a level 2 spell: Scorch
  1122 | D:2      | Reached XP level 3. HP: 26/26 MP: 0/6
  1190 | D:1      | Learned a level 3 spell: Kindle Blastsparks
  1902 | D:3      | Found Xaqakan's General Store.
  1919 | D:3      | Noticed Sigmund
  2004 | D:3      | Killed Sigmund
  2005 | D:3      | Reached XP level 4. HP: 33/33 MP: 2/9
  2005 | D:3      | Reached XP level 5. HP: 38/38 MP: 2/10
  2391 | D:3      | Reached skill level 5 in Fire Magic
  2391 | D:3      | Reached XP level 6. HP: 37/45 MP: 0/11
  2559 | D:3      | Found Qunlaono's Book Shop.
  2606 | D:3      | Found an opulent altar of Gozag.
  2666 | D:3      | Found Tomuvov's Distillery.
  2919 | D:3      | Found Raclysieph's Book Emporium.
  3077 | D:3      | Noticed Jessica
  3080 | D:3      | Killed Jessica
  3528 | D:4      | Your scales start taking on a lurid green colour.
  3528 | D:4      | Reached XP level 7. HP: 40/50 MP: 1/13
  3528 | D:4      | Gained mutation: Your system is resistant to poisons.
                  | (rPois) [Green Draconian growth]
  3726 | D:4      | Learned a level 4 spell: Flame Wave
  4426 | D:3      | Bought a +1 hat for 143 gold pieces
  4619 | D:5      | Entered Level 5 of the Dungeon
  4656 | D:5      | Reached skill level 5 in Spellcasting
  4738 | D:5      | Reached XP level 8. HP: 48/57 MP: 3/15
  4942 | D:5      | Found a glowing drain.
  4992 | Sewer    | Entered a sewer
  5265 | Sewer    | Reached skill level 5 in Conjurations
  5777 | D:5      | Found a staircase to the Ecumenical Temple.
  5785 | Temple   | Entered the Ecumenical Temple
  5791 | Temple   | Became a worshipper of Vehumet
  5815 | D:5      | You fall into a shaft and drop 3 floors!
  6040 | D:8      | Reached XP level 9. HP: 43/62 MP: 12/18
  6043 | D:8      | Reached skill level 1 in Maces & Flails
  6456 | D:6      | Noticed Prince Ribbit
  6464 | D:6      | Killed Prince Ribbit
  6465 | D:6      | Reached skill level 1 in Fighting
  6472 | D:6      | Reached * piety under Vehumet
  6472 | D:6      | Offered knowledge of Shock by Vehumet.
  6658 | D:5      | Found a white marble altar of Elyvilon.
  6661 | D:5      | Found Wak Kocs's Weapon Emporium.
  6697 | D:5      | Identified a scroll of acquirement
  6697 | D:5      | Acquired the amulet of Ysol {Reflect rN+ Will+ Dex+5 SH+5}
  6707 | D:5      | Learned a level 2 spell: Blink
  6915 | D:6      | Noticed Menkaure
  6920 | D:6      | Killed Menkaure
  7302 | D:6      | Found a glowing golden altar of the Shining One.
  7658 | D:6      | Found a sacrificial altar of Ru.
  7659 | D:6      | Found a bloodstained altar of Trog.
  7840 | D:6      | Learned a level 1 spell: Shock
  7846 | D:6      | Learned a level 5 spell: Lightning Bolt
  7920 | D:7      | Noticed a troll
  7938 | D:7      | Killed a troll
  7939 | D:7      | Reached XP level 10. HP: 73/73 MP: 5/22
  7978 | D:6      | Reached ** piety under Vehumet
  8085 | D:7      | Offered knowledge of Momentum Strike by Vehumet.
  8282 | D:7      | Found the +18 Lear's hauberk
  8427 | D:7      | Found a basalt altar of Yredelemnul.
  9157 | D:8      | Noticed Grum
  9169 | D:8      | Killed Grum
  9275 | D:8      | Offered knowledge of Poisonous Vapours by Vehumet.
  9924 | D:8      | Reached *** piety under Vehumet
 10042 | D:8      | Learned a level 2 spell: Poisonous Vapours
 10123 | D:9      | Reached skill level 1 in Shields
 10362 | D:9      | Offered knowledge of Sticky Flame by Vehumet.
 10756 | D:9      | Found a broken altar of Ashenzari.
 10813 | D:9      | Noticed a two-headed ogre
 10821 | D:9      | Killed a two-headed ogre
 10822 | D:9      | Reached skill level 10 in Fire Magic
 11093 | D:9      | Learned a level 4 spell: Sticky Flame
 11097 | D:9      | Learned a level 3 spell: Mephitic Cloud
 11117 | D:10     | Entered Level 10 of the Dungeon
 11148 | D:10     | Reached XP level 11. HP: 61/79 MP: 20/24
 11151 | D:10     | Reached skill level 10 in Spellcasting
 11398 | D:10     | Noticed a fire crab
 11416 | D:10     | Mangled by a fire crab

Illustrated notes

Levels and vault maps discovered:
D:1:      dreamdust_arrival_sigmund_warning, layout_loops_ring,
          minmay_misc_feat_alley, hex_tiny
D:2:      layout_basic
D:3:      minmay_general_purpose_star, layout_loops_ring,
          grunt_gozag_breadcrumbs, serial_shops, shop, shop,
          nicolae_shop_behind_doors, nicolae_diamond_shop, chequers_mini_garden,
          grunt_ministairs_13, uniq_sigmund, uniq_jessica
D:4:      layout_cave_pools, grunt_ministairs_3
D:5:      layout_gridville, kennysheep_mini, minmay_temple_entry_ruins,
          portal_sewer_entry_e, serial_shops, shop
D:6:      layout_loops_ring, tso_oasis_becter, gammafunk_temple_overflow_pools,
          nicolae_elevator_lobby_plus, uniq_prince_ribbit1, uniq_menkaure
D:7:      layout_loops_cross, nicolae_yredelemnul_corpse_copse,
          hellmonk_guarded_unrand_lears
D:8:      layout_gridville, nrook_loot_triangle, uniq_grum
D:9:      layout_stronghold, general_overflow_altar, hex_large
D:10:     layout_cave_pools, minmay_lair_entry_lava, minmay_statue_bubble
Temple:   hellmonk_temple_two_chambers

Skill      XL: |  1  2  3  4  5  6  7  8  9 10 11 |
---------------+----------------------------------+-----
Dodging        | 2 3 |  3.6
Fire Magic     | 4 5 6 7 8 10 | 10.2
Spellcasting   | 3 4 5 6 8 9 10 | 10.1
Conjurations   | 2 3 4 6 7 8 |  8.0
Maces & Flails | 1 2 |  2.2
Fighting       | 1 2 |  2.1
Shields        | 1 2 |  2.0
Stealth        | |  1.7
Air Magic      | |  0.3
Poison Magic   | |  0.3

Action                   |  1- 3 |  4- 6 |  7- 9 | 10-12 || total
-------------------------+-------+-------+-------+-------++-------
Melee: Tailslap          |     1 |       |     2 |     3 ||     6
       Unarmed           |     1 |       |       |       ||     1
       Mace              |    12 |       |     4 |    12 ||    28
       Morningstar       |       |     3 |    21 |       ||    24
 Cast: Foxfire           |    69 |    69 |   198 |   129 ||   465
       Scorch            |     3 |    10 |    45 |    42 ||   100
       Flame Wave        |       |       |    10 |    15 ||    25
       Poisonous Vapours |       |       |       |     6 ||     6
       Lightning Bolt    |       |       |       |     1 ||     1
 Abil: Breathe Noxious F |       |       |     1 |       ||     1
  Use: Scroll            |       |       |    22 |     6 ||    28
       Potion            |       |       |       |     2 ||     2
Armor: Skin              |    18 |     6 |    34 |    34 ||    92
Dodge: Dodged            |    38 |     7 |    78 |    61 ||   184
Block: Other             |       |       |     4 |    27 ||    31

Table legend: (Time is in decaauts)
 A = Elapsed time spent in this place.
 B = Non-inter-level travel time spent in this place.
 C = Inter-level travel time spent in this place.
 D = Time resting spent in this place.
 E = Time spent auto-exploring this place.
 F = Levels seen in this place.
 G = Mean time per level.
                   A        B        C        D        E       F      G
               +--------+--------+--------+--------+--------+-----+--------+
         Total |  11506 |  11171 |    335 |    271 |   9065 |  12 |  958.8 |
       Dungeon |  10755 |  10425 |    330 |    253 |   8538 |  10 | 1075.5 |
        Temple |     28 |     23 |      5 |      0 |     16 |   1 |   28.0 |
         Sewer |    723 |    723 |      0 |     18 |    511 |   1 |  723.0 |
               +--------+--------+--------+--------+--------+-----+--------+

Top non-repeatable levels by time:
     D:3: 1506 daAuts
     D:6: 1422 daAuts
     D:8: 1405 daAuts
     D:4: 1371 daAuts
     D:7: 1278 daAuts
     D:1: 1186 daAuts
     D:9: 1067 daAuts
     D:2: 732 daAuts
   Sewer: 723 daAuts
     D:5: 485 daAuts
    D:10: 299 daAuts
  Temple: 28 daAuts
